 Dungeon Crawl Stone Soup version 0.21-a0-140-g479285b (webtiles) character file.

934 Gorice the Reanimator (level 7, 0/46 HPs)
             Began as a Demonspawn Necromancer on July 19, 2017.
             Slain by a worker ant (3 damage)
             ... on level 5 of the Dungeon on July 20, 2017.
             The game lasted 00:39:36 (5393 turns).

Gorice the Reanimator (Demonspawn Necromancer)      Turns: 5393, Time: 00:39:37

Health: 0/46       AC: 12    Str: 10    XL:     7   Next: 86%
Magic:  2/14       EV: 10    Int: 17    God:
Gold:   251        SH:  0    Dex: 16    Spells: 2/15 levels left

rFire    . . .     SeeInvis .   a - +1 dagger (venom)
rCold    . . .     Gourm    .   (no shield)
rNeg     . . .     Faith    .   v - +0 ring mail
rPois    .         Spirit   .   (no helmet)
rElec    .         Reflect  .   (no cloak)
rCorr    .         Harm     .   E - +0 pair of gloves
MR       .....                  n - +2 pair of boots {Stlth+}
Stlth    ++........             (no amulet)
HPRegen  0.15/turn              q - +3 ring of dexterity
MPRegen  0.14/turn              (no ring)

@: no status effects
A: icy blue scales 2, powered by death 2
a: no special abilities


You were on level 5 of the Dungeon.
You were hungry.

You visited 1 branch of the dungeon, and saw 5 of its levels.
You also visited: Sewer.

You collected 277 gold pieces.
You spent 26 gold pieces at shops.

Inventory:

Hand Weapons
 a - a +1 dagger of venom (weapon)
   (You took it off an orc on level 5 of the Dungeon)
 m - a +0 whip
 o - a +0 flail
 w - a +0 trident
 A - a +0 scimitar
Missiles
 i - 17 bolts
 t - 14 tomahawks (quivered)
 Z - 124 stones
Armour
 l - a +2 large shield
 n - a +2 pair of boots of stealth (worn)
   (You found it on level 1 of the Dungeon)
 p - a +0 robe
 u - a +0 chain mail
 v - a +0 ring mail (worn)
 E - a +0 pair of gloves (worn)
Magical Staves
 g - an uncursed staff of air
Jewellery
 q - a +3 ring of dexterity (left hand)
Scrolls
 j - a scroll of remove curse
Potions
 e - a potion of mutation {!q}
 s - a potion of flight
 B - 2 potions of heal wounds {unknown}
 D - 3 potions of agility {unknown}
Books
 b - a book of Necromancy
 d - a book of Maledictions
 x - a book of Air
Comestibles
 c - 3 bread rations {!e}
 f - 2 meat rations {!e}
 h - a chunk of flesh
 r - 8 fruits


   Skills:
 - Level 1.7 Dodging
 - Level 1.7 Stealth
 + Level 4.7 Spellcasting
 * Level 9.5 Necromancy


You had 2 spell levels left.
You knew the following spells:

 Your Spells              Type           Power        Failure   Level  Hunger
a - Pain                  Necr           ####         1%          1    None
b - Animate Skeleton      Necr           N/A          1%          1    None
c - Vampiric Draining     Necr           #####.....   2%          3    ###....
d - Control Undead        Necr           #####.....   8%          4    ####...
e - Animate Dead          Necr           N/A          8%          4    ####...


Dungeon Overview and Level Annotations

Branches:
Dungeon (5/15)
 Temple: D:4-7

Altars:
Cheibriados
Elyvilon
Gozag
Nemelex Xobeh
Vehumet
The Shining One

Shops:
D:4 =[**

Annotations:
D:2 Sigmund
D:5 sergedm's ghost, amateur DECj


Innate Abilities, Weirdness & Mutations

You are mostly covered in icy blue scales. (AC +3)
You regenerate health from kills.


Message History

You are knocked back by the lance of force.
You slam into the rock wall!
The worker ant bites you but does no damage.
Damage: 16 (max 20) Unknown command.
Unknown command.
You feel better.
Sergedm's ghost points at you and mumbles some strange words.
The spray of energy hits you!
* * * LOW HITPOINT WARNING * * *
You are confused.
The worker ant bites you but does no damage.
Damage: 5 (max 20) Unknown command.
Unknown command.
You feel better. Sergedm's ghost casts a spell at you.
The lance of force hits you!
* * * LOW HITPOINT WARNING * * *
You are knocked back by the lance of force.
You slam into the rock wall!
The worker ant bites you but does no damage.
As you read the scroll labeled JAASHR GOIQOULATOV, it crumbles to dust.
The scroll dissolves into smoke.
It was a scroll of fog.
The worker ant bites you.
* * * LOW HITPOINT WARNING * * *
Damage: 6 (max 20) Unknown command.
Casting: Control Undead
Confirm with . or Enter, or press ? or * to list all spells.
Aiming: Vampiric Draining
Press: ? - help, Shift-Dir - straight line, f - worker ant, p - sergedm's ghost
Aim: a worker ant (grey smoke)
The worker ant is almost dead.
You feel life coursing into your body. The worker ant misses you.
Sergedm's ghost gestures at you while chanting.
The lance of force hits you!
* * * LOW HITPOINT WARNING * * *
The worker ant bites you.
* * * LOW HITPOINT WARNING * * *
Damage: 6 (max 20) Unknown command.
Unknown command.
Unknown command.
Unknown command.
As you read the scroll labeled KEUNORISOI, it crumbles to dust.
The creatures around you are filled with an inner flame!
It was a scroll of immolation.
Sergedm's ghost barely misses you. The worker ant bites you.
You die...

*,,,,..#.##.......#*,
*****#.#..........#**
#.#####..##### *
#........#######
#..#####.##...#.
#..#####.##..#.Z
#...........#..#
######)#######.#..#.
#§W@a§.########..###
#Z###§.......#######
#§#.Z...............
#.#Z#.####.#.#######
#W#Z#.#....#.# #
#.#.#.#.####.#######
#.#Z#...<...........
#.#Z########.#######
#.#..Z.Z...#.# #


You could see a worker ant (inner flame), sergedm's ghost (inner flame) and a
friendly orc zombie.

Vanquished Creatures
  Purgy (Sewer)
  An ice beast (D:5)
  A black bear (D:5)
  A scorpion (D:5)
  3 killer bees
  A howler monkey (D:4)
  A hound (D:3)
  4 orc wizards
  A bullfrog skeleton (D:5)
  An orc priest (D:3)
  An iguana (D:5)
  A worker ant (D:5)
  4 adders
  An ooze (D:3)
  An adder skeleton (D:5)
  3 worms (D:5)
  3 dart slugs
  3 leopard geckos
  17 orcs
  4 giant cockroaches
  6 goblins
  7 hobgoblins
  4 jackals (D:3)
  9 kobolds
  4 quokkas
  A ball python (D:4)
  7 bats
  6 frilled lizards
  11 rats
108 creatures vanquished.

Vanquished Creatures (collateral kills)
  An ogre (D:5)
  An orc priest (D:4)
  An adder (D:2)
  A gnoll (D:5)
  2 bats
  A kobold (D:1)
7 creatures vanquished.

Grand Total: 115 creatures vanquished

Notes
Turn   | Place    | Note
-------+----------+-------------------------------------------
     0 | D:1      | Gorice the Demonspawn Necromancer began the quest for the Orb.
     0 | D:1      | Reached XP level 1. HP: 13/13 MP: 3/3
    20 | D:1      | Learned a level 1 spell: Animate Skeleton
   255 | D:1      | Gained mutation: You regenerate a little health from kills. [demonic ancestry]
   255 | D:1      | Reached XP level 2. HP: 19/19 MP: 3/5
   270 | D:1      | Reached skill level 5 in Necromancy
   775 | D:2      | Found a glowing golden altar of the Shining One.
   778 | D:2      | Found an opulent altar of Gozag.
   783 | D:2      | Gained mutation: You regenerate health from kills. [demonic ancestry]
   783 | D:2      | Reached XP level 3. HP: 20/24 MP: 0/6
   830 | D:2      | Learned a level 3 spell: Vampiric Draining
  1127 | D:2      | Reached skill level 6 in Necromancy
  1150 | D:2      | Noticed Sigmund
  1217 | D:2      | Found a radiant altar of Vehumet.
  1387 | D:2      | Reached XP level 4. HP: 30/30 MP: 5/7
  2300 | D:4      | Gained mutation: You are partially covered in icy blue scales. (AC +2) [demonic ancestry]
  2300 | D:4      | Reached XP level 5. HP: 30/35 MP: 2/8
  2449 | D:3      | Reached skill level 7 in Necromancy
  2584 | D:3      | Reached skill level 3 in Spellcasting
  2662 | D:4      | Found a sparkling altar of Nemelex Xobeh.
  2665 | D:4      | Found Zuulakoh's Armour Emporium.
  2679 | D:4      | Reached XP level 6. HP: 37/41 MP: 6/10
  2741 | D:4      | Found Iwomp's Jewellery Boutique.
  2902 | D:4      | Found Hoipsuju's General Store.
  2907 | D:4      | Bought a scroll of identify for 26 gold pieces
  3058 | D:4      | HP: 12/41 [orc priest/short sword (1)]
  3232 | D:4      | Found Verruv's Assorted Antiques.
  3468 | D:4      | Found a snail-covered altar of Cheibriados.
  3692 | D:5      | Entered Level 5 of the Dungeon
  3717 | D:4      | Learned a level 4 spell: Control Undead
  3834 | D:5      | Reached skill level 8 in Necromancy
  3852 | D:5      | Found a glowing drain.
  3979 | Sewer    | Entered a sewer
  4028 | Sewer    | Noticed Purgy
  4159 | Sewer    | Killed Purgy
  4159 | Sewer    | Gained mutation: You are mostly covered in icy blue scales. (AC +3) [demonic ancestry]
  4159 | Sewer    | Reached XP level 7. HP: 30/46 MP: 4/12
  4598 | D:5      | Reached skill level 4 in Spellcasting
  5178 | D:5      | Reached skill level 9 in Necromancy
  5192 | D:5      | Found a white marble altar of Elyvilon.
  5290 | D:5      | Learned a level 4 spell: Animate Dead
  5337 | D:5      | Noticed sergedm's ghost (amateur DECj)
  5388 | D:5      | HP: 13/46 [sergedm's ghost/lance of force (16)]
  5392 | D:5      | HP: 3/46 [worker ant (5)]
  5393 | D:5      | Slain by a worker ant

Vault maps used:
D:1:      co_arrival_square_in_a_square_in_a_square
D:2:      vehumet_crystals, grunt_temple_overflow_open, uniq_sigmund
D:4:      nemelex_xobeh_ov_fountains_minmay, lemuel_coloured_pillars_altar,
          serial_shops, kennysheep_little_box, shop, shop, shop_statue,
          first_bread
D:5:      cheibrodos_two_vegetables, grunt_temple_overflow_order_and_chaos_2,
          marbit_many_paths, cheibrodos_sewer_entry_bend, dk_rats_in_the_wall,
          uniq_crazy_yiuf_cottage
Sewer:    kennysheep_door_sewer

Skill      XL: |  1  2  3  4  5  6  7 |
---------------+----------------------+-----
Necromancy     | 5 6 7 8 9 |  9.5
Spellcasting   | 3 4 |  4.7
Dodging        | |  1.7
Stealth        | |  1.7

Action                   |  1- 3 |  4- 6 |  7- 9 || total
-------------------------+-------+-------+-------++-------
Melee: Unarmed           |     6 |    17 |       ||    23
       Scimitar          |       |    26 |    24 ||    50
 Cast: Pain              |    66 |   106 |    20 ||   192
       Animate Skeleton  |    14 |    21 |     1 ||    36
       Vampiric Draining |     1 |     9 |     7 ||    17
       Control Undead    |       |       |    18 ||    18
       Animate Dead      |       |       |     1 ||     1
  Use: Scroll            |     5 |     7 |     4 ||    16
       Potion            |       |     2 |     2 ||     4
 Stab: Sleeping          |       |     2 |     2 ||     4
  Eat: Chunk             |     3 |    10 |     3 ||    16
       Fruit             |       |       |     3 ||     3
       Royal jelly       |       |       |     1 ||     1
Armor: Robe              |     8 |    23 |       ||    31
       Ring mail         |       |    26 |    39 ||    65
Dodge: Dodged            |    16 |    77 |    36 ||   129
       Rpst.: Scimitar   |       |     6 |    11 ||    17

Table legend:
 A = Turns spent in this place as a percentage of turns spent in the entire game.
 B = Non-inter-level travel turns spent in this place as a percentage of non-inter-level travel turns spent in the entire game.
 C = Inter-level travel turns spent in this place as a percentage of turns spent in this place.
 D = Turns resting spent in this place as a percentage of non-inter-level travel turns spent in this place.
 E = Turns spent auto-exploring this place as a percentage of non-inter-level travel turns spent in this place.
 F = Non-inter-level travel turns spent in this place divided by the number of levels of this place that you've seen.
                   A       B       C       D       E      F
               +-------+-------+-------+-------+-------+----------------------
         Total | 100.0 | 100.0 |   0.5 |   4.3 |   3.2 | 407.2
       Dungeon |  92.3 |  92.2 |   0.5 |   4.7 |   3.5 | 450.6
         Sewer |   7.7 |   7.8 |   0.0 |   0.0 |   0.5 | 190.0
               +-------+-------+-------+-------+-------+----------------------

Vault maps used:
D:1:      co_arrival_square_in_a_square_in_a_square
D:2:      vehumet_crystals, grunt_temple_overflow_open, uniq_sigmund
D:4:      nemelex_xobeh_ov_fountains_minmay, lemuel_coloured_pillars_altar,
          serial_shops, kennysheep_little_box, shop, shop, shop_statue,
          first_bread
D:5:      cheibrodos_two_vegetables, grunt_temple_overflow_order_and_chaos_2,
          marbit_many_paths, cheibrodos_sewer_entry_bend, dk_rats_in_the_wall,
          uniq_crazy_yiuf_cottage
Sewer:    kennysheep_door_sewer
